Map: Hard Lead LE

Players

Gladius

  • Race: Protoss Protoss
  • League: Diamond
  • Spawn Location: 11:00

SubN - Winner!

  • Race: Zerg Zerg
  • League: Diamond
  • Spawn Location: 5:00

VOD

Have the link to the VOD?

Description

Time

  • Played on: Dec. 22, 2023, 4:49 p.m.
  • Length: 9:38
Show
View Real Time Build Order
Export as new Build Order

Gladius Protoss 

Build Orders: Nexus First 

Get SALT Encoding   

  12  0:01  Probe (Chrono Boost)  
  13  0:10  Probe (Chrono Boost)  
  14  0:16  Probe  
  15  0:45  Nexus  
  15  0:53  Pylon  
  15  1:11  Forge, Probe (Chrono Boost)  
  16  1:23  Probe (Chrono Boost)  
  17  1:29  Probe (Chrono Boost)  
  18  1:33  Gateway  
  18  1:37  Probe  
  18  1:39  Assimilator  
  19  1:43  Assimilator  
  19  1:52  Photon Cannon  
  19  1:57  Probe (Chrono Boost)  
  20  2:07  Probe (Chrono Boost)  
  21  2:11  Probe (Chrono Boost)  
  23  2:17  Probe (Chrono Boost)  
  23  2:19  Probe (Chrono Boost)  
  24  2:24  Probe (Chrono Boost)  
  24  2:28  Cybernetics Core  
  25  2:34  Probe  
  25  2:35  Probe  
  27  2:46  Probe  
  27  2:48  Probe  
  29  3:00  Probe  
  30  3:06  Twilight Council  
  30  3:08  Warp Gate  
  30  3:12  Probe (Chrono Boost)  
  31  3:14  Nexus  
  31  3:18  Pylon  
  31  3:24  Probe (Chrono Boost)  
  33  3:29  Probe (Chrono Boost)  
  33  3:33  Probe (Chrono Boost)  
  34  3:37  Probe (Chrono Boost)  
  34  3:38  Gateway  
  36  3:41  Probe (Chrono Boost)  
  36  3:42  Probe (Chrono Boost)  
  36  3:45  Photon Cannon  
  36  3:47  Charge  
  37  3:50  Probe  
  37  3:52  Probe  
  37  3:53  Gateway  
  39  3:58  Gateway  
  39  4:05  Gateway, Probe (Chrono Boost)  
  40  4:10  Gateway  
  40  4:13  Probe (Chrono Boost)  
  41  4:21  Pylon  
  42  4:24  Probe (Chrono Boost)  
  42  4:27  Probe (Chrono Boost)  
  44  4:33  Probe (Chrono Boost)  
  44  4:35  Probe (Chrono Boost)  
  45  4:39  Probe (Chrono Boost)  
  45  4:40  Probe (Chrono Boost)  
  45  4:44  Gateway  
  47  4:46  Gateway  
  47  4:49  Gateway  
  47  4:52  Probe  
  48  4:56  Stalker  
  48  4:57  Stalker x2  
  48  4:58  Stalker  
  56  5:04  Probe  
  56  5:06  Zealot x2  
  61  5:16  Probe  
  62  5:26  Zealot x2  
  62  5:27  Zealot  
  62  5:28  Probe  
  69  5:30  Pylon  
  69  5:33  Pylon  
  69  5:40  Nexus  
  69  5:41  Pylon  
  69  5:43  Pylon  
  69  5:45  Protoss Ground Weapons Level 1  
  69  5:46  Pylon  
  69  5:49  Assimilator  
  69  5:51  Assimilator  
  69  5:53  Pylon  
  69  5:59  Robotics Facility  
  69  6:02  Robotics Facility  
  69  6:09  Assimilator  
  69  6:11  Assimilator  
  69  6:14  Zealot x2  
  69  6:15  Zealot x5  
  69  6:16  Zealot  
  69  6:17  Zealot  
  87  6:22  Gateway  
  87  6:24  Gateway  
  87  6:37  Probe (Chrono Boost)  
  90  6:47  Probe (Chrono Boost)  
  90  6:48  Probe (Chrono Boost)  
  90  6:52  Probe (Chrono Boost)  
  90  6:55  Probe  
  90  7:00  Robotics Bay  
  92  7:03  Zealot  
  92  7:04  Probe, Zealot x4  
  92  7:05  Zealot  
  92  7:06  Zealot x2  
  92  7:07  Probe  
  92  7:08  Zealot  
  112  7:16  Probe  
  112  7:19  Probe  
  112  7:20  Probe  
  115  7:25  Pylon  
  115  7:31  Probe  
  115  7:32  Probe  
  117  7:44  Probe  
  114  7:56  Colossus x2, Probe  
  121  8:08  Probe, Robotics Facility  
  122  8:14  Stalker x4  
  122  8:15  Stalker x3  
  122  8:19  Stalker  
  134  8:34  Pylon  
  134  8:36  Pylon  
  134  8:37  Pylon  
  134  8:39  Pylon  
  134  8:40  Pylon  
  134  8:43  Robotics Facility  
  134  8:45  Pylon  
  126  8:52  Zealot x2  
  126  8:53  Zealot  
  114  8:56  Zealot x2  
  114  8:57  Zealot x4  
  114  8:58  Zealot x2  
  91  9:17  Zealot x2  
  91  9:18  Zealot x3  
  85  9:25  Pylon  
Show
View Real Time Build Order
Export as new Build Order

SubN Zerg - Winner!

Build Orders: Hatch First 

Get SALT Encoding   

  12  0:00  Drone  
  13  0:12  Overlord  
  13  0:17  Drone  
  14  0:30  Drone x2  
  16  0:48  Hatchery  
  15  0:52  Drone  
  15  0:56  Drone  
  17  0:59  Drone  
  18  1:05  Extractor  
  17  1:14  Spawning Pool  
  17  1:18  Drone  
  17  1:22  Drone  
  18  1:27  Drone  
  19  1:38  Drone  
  20  2:01  Overlord  
  20  2:06  Queen x2  
  24  2:13  Metabolic Boost  
  24  2:16  Drone  
  24  2:17  Drone x3  
  28  2:25  Drone  
  28  2:26  Drone  
  30  2:34  Overlord  
  30  2:39  Overlord  
  30  2:47  Hatchery  
  29  2:51  Drone  
  29  2:52  Drone  
  29  2:56  Queen  
  33  2:59  Drone x2  
  33  3:04  Drone  
  36  3:06  Drone  
  37  3:14  Drone  
  37  3:17  Drone  
  39  3:24  Drone  
  40  3:30  Drone x7  
  47  3:40  Drone  
  48  3:42  Drone  
  49  3:49  Drone  
  49  3:51  Drone  
  51  3:56  Overlord  
  51  3:58  Queen  
  51  4:01  Overlord  
  53  4:05  Drone x5  
  58  4:10  Drone, Extractor  
  58  4:12  Overlord x2  
  58  4:20  Extractor  
  58  4:21  Drone x3  
  58  4:22  Extractor  
  59  4:27  Queen  
  61  4:34  Drone x3  
  61  4:36  Drone x2  
  61  4:37  Drone  
  67  4:42  Drone x2  
  69  4:47  Queen  
  71  4:57  Roach Warren  
  70  5:04  Zergling x20  
  80  5:27  Overlord x5  
  80  5:45  Drone  
  80  5:46  Lair  
  80  5:47  Drone  
  82  5:54  Zergling x8  
  82  5:55  Zergling x14, Evolution Chamber  
  92  5:57  Evolution Chamber  
  91  6:06  Overlord x2  
  91  6:10  Drone x2  
  93  6:14  Drone x3, Extractor  
  95  6:21  Zerg Missile Weapons Level 1  
  95  6:22  Zerg Melee Weapons Level 1  
  95  6:24  Roach  
  95  6:25  Roach x7  
  111  6:30  Drone  
  111  6:32  Extractor  
  111  6:41  Hatchery  
  111  6:42  Roach x5  
  120  6:54  Glial Reconstitution  
  120  6:56  Drone x2  
  122  7:01  Roach, Hydralisk Den  
  122  7:02  Roach x3  
  122  7:04  Overlord x5  
  129  7:13  Overlord  
  129  7:19  Drone  
  129  7:22  Overlord x2  
  130  7:23  Drone x2  
  130  7:29  Roach x5  
  122  7:54  Roach x7  
  122  7:55  Roach x3  
  122  7:56  Hydralisk  
  122  7:57  Hydralisk x4  
  151  8:00  Queen  
  151  8:02  Drone x2  
  151  8:03  Drone  
  156  8:09  Hydralisk  
  156  8:20  Hydralisk  
  156  8:21  Hydralisk x9  
  176  8:28  Drone x3  
  176  8:30  Muscular Augments  
  179  8:38  Hydralisk  
  179  8:39  Hydralisk x3  
  187  8:41  Overseer  
  187  8:44  Zergling x2  
  172  8:58  Hydralisk  
  172  8:59  Hydralisk x8  
Tags
 
Add a new tag
Caveats
  • Supply blocks, unpowered buildings, or Contaminate may cause inaccurate times.
  • Supply counts are checked every 10 seconds.